 Dungeon Crawl Stone Soup version 0.27-a0-1384-g1422d76b99 (webtiles) character file.

Game seed: 14546048696390568198

102 quinnr the Magician (level 5, -9/35 HPs)
             Began as a Djinni Air Elementalist on June 30, 2021.
             Mangled by an ogre (20 damage)
             ... on level 2 of the Dungeon.
             The game lasted 00:05:09 (3294 turns).

quinnr the Magician (Djinni Air Elementalist)       Turns: 3294, Time: 00:05:10

Health: -9/35      AC:  2    Str:  7    XL:     5   Next: 6%
Gold:   109        EV: 12    Int: 18    God:
                   SH:  0    Dex: 13

rFire    + + .     SeeInvis .   g - +0 hunting sling
rCold    x . .     Faith    .   (no shield)
rNeg     . . .     Spirit   .   a - +0 robe
rPois    ∞         Reflect  .   (no helmet)
rElec    .         Harm     .   (no cloak)
rCorr    .         Rampage  .   (no gloves)
Will     .....                  (boots unavailable)
Stlth    ++........             (no amulet)
HPRegen  0.11/turn              (no ring)
MPRegen  0.00/turn              (no ring)

@: swift, flying, very quick
A: sickness immunity, fire resistance 2, cold vulnerability 1, float, innate
caster, hp casting, extra vitality 1
a: no special abilities


You were on level 2 of the Dungeon.
You visited 1 branch of the dungeon, and saw 3 of its levels.

You collected 109 gold pieces.

Inventory:

Hand Weapons
 g - a +0 hunting sling (weapon)
Missiles
 h - 72 stones (quivered ammo)
 m - 3 poisoned darts
Armour
 a - a +0 robe (worn)
Scrolls
 b - 2 scrolls of identify {unknown}
 e - a scroll of vulnerability {unknown}
 f - a scroll of silence {unknown}
 k - a scroll of noise {unknown}
Potions
 c - a potion of attraction {unknown}
 d - 2 potions of curing {unknown}
 i - a potion of experience {unknown}
 j - a potion of degeneration {unknown}
 l - a potion of heal wounds {unknown}


   Skills:
 - Level 2.1 Dodging
 - Level 1.5 Stealth
 + Level 4.1 Spellcasting


You couldn't memorise any spells.
You knew the following spells:

 Your Spells              Type           Power      Damage    Failure   Level
a - Shock                 Conj/Air       72%        1d7       2%          1
b - Static Discharge      Conj/Air       18%        N/A       4%          2
c - Swiftness             Air            18%        N/A       8%          3
d - Airstrike             Air            9%         N/A       26%         4
e - Lightning Bolt        Conj/Air       9%         1d21      58%         5
f - Sting                 Tmut/Pois      72%        1d6       2%          1
g - Passwall              Tmut/Erth      15%        N/A       4%          2
Your spell library was empty.

Dungeon Overview and Level Annotations

Branches:
Dungeon (3/15)

Altars:

Annotations:
D:3 exclusion: zombie


Innate Abilities, Weirdness & Mutations

You are immune to sickness and miasma.
You are immune to poison.
Your flesh is very heat resistant. (rF++)
You are vulnerable to cold. (rC-)
You float through the air rather than walking.
You learn spells naturally, not from books.
Your magical power is your life essence.
You have superior vitality. (+4 HP)


Message History

Aiming: Shock (safe; 2% risk of failure)
Press: ? - help, Shift-Dir - straight line, f/p - ogre
Aim: an ogre, wielding a +0 giant club (lightly wounded, 86% to hit)
The zap misses the orc.
The zap hits the ogre.
The ogre is moderately wounded.
Casting: Shock (safe; 2% risk of failure)
Confirm with . or Enter, or press ? or * to list all spells.
Aiming: Shock (safe; 2% risk of failure)
Press: ? - help, Shift-Dir - straight line, f/p - ogre
Aim: an ogre, wielding a +0 giant club (moderately wounded, 86% to hit)
The zap hits the orc.
You kill the orc!
The zap hits the ogre!
The ogre is heavily wounded.
There is an open door here.
Casting: Shock (safe; 2% risk of failure)
Confirm with . or Enter, or press ? or * to list all spells.
You feel quick.
The ogre hits you with a +0 giant club!!
Ouch! That really hurt!
* * * LOW HITPOINT WARNING * * *
Unknown command.
Okay, then.
You start to feel a little slower.
You feel sluggish.
You start to feel a little faster.
You see here a +0 club.
There is a stone staircase leading up here.
The ogre completely misses you.
You fly upwards.
You no longer feel sluggish.
There is a stone staircase leading down here.
Unknown command.
Casting: Swiftness (dangerous; 8% risk of failure)
Confirm with . or Enter, or press ? or * to list all spells.
You feel quick.
* * * LOW HITPOINT WARNING * * *
The ogre hits you with a +0 giant club!!
Ouch! That really hurt!
You die...

...###...#...............#
.........................########
....#...........)..........##....
..#............<.#..######.#.....
.###....................##.......
#####..........#........##.......
......)..................##......
#####......)...##O##...#.........
...............>@................
...#.........#.)#...#.##......†..
##.............[.................
###.......................#).....
###........#..#..#.....##.#....).
##...##..........................
.......................###.......
.....................#.# #.......
.........####.#....^...###.......


You could see an ogre.

Vanquished Creatures
  Robin (D:2)
  2 adders (D:3)
  3 dart slugs
  An orc (D:3)
  7 endoplasms
  A giant cockroach (D:3)
  12 goblins
  5 hobgoblins
  4 jackals
  2 quokkas
  5 ball pythons
  9 frilled lizards
  6 kobolds
  6 rats
64 creatures vanquished.

Notes
Turn   | Place    | Note
-------+----------+-------------------------------------------
     0 | D:1      | quinnr the Djinni Air Elementalist began the quest for the
                  | Orb.
     0 | D:1      | Reached XP level 1. HP: 15/15 MP: 0/0
   294 | D:1      | Reached XP level 2. HP: 19/21 MP: 0/0
   429 | D:1      | Reached skill level 3 in Spellcasting
   777 | D:1      | Found a faded altar of an unknown god.
   911 | D:1      | Reached XP level 3. HP: 24/25 MP: 0/0
   911 | D:1      | Learned a level 1 spell: Sting
  1582 | D:2      | Noticed Robin
  1851 | D:3      | Reached XP level 4. HP: 17/31 MP: 0/0
  2305 | D:2      | Killed Robin
  2757 | D:3      | Reached skill level 4 in Spellcasting
  2992 | D:3      | Reached XP level 5. HP: 27/35 MP: 0/0
  2992 | D:3      | Learned a level 2 spell: Passwall
  3236 | D:3      | Noticed an ogre
  3294 | D:2      | Mangled by an ogre

Illustrated notes

Levels and vault maps discovered:
D:1:      heliophobic_arrival_ceremonial_halls, layout_loops_ring,
          hellmonk_ecumenical_altar_pennies_from_heaven,
          hangedman_abyss_or_decor_lesser_grid
D:2:      layout_rooms, minivault_26, uniq_robin
D:3:      layout_loops_corners, minmay_fractal_squares_gapless_5

Skill      XL: |  1  2  3  4 |
---------------+-------------+-----
Spellcasting   | 3 4 |  4.1
Dodging        | |  2.1
Stealth        | |  1.5

Action                   |  1- 3 |  4- 6 || total
-------------------------+-------+-------++-------
 Cast: Shock             |    68 |    41 ||   109
       Static Discharge  |     3 |     6 ||     9
       Swiftness         |       |     2 ||     2
Armor: Robe              |       |     4 ||     4
Dodge: Dodged            |     5 |     3 ||     8

Table legend: (Time is in decaauts)
 A = Elapsed time spent in this place.
 B = Non-inter-level travel time spent in this place.
 C = Inter-level travel time spent in this place.
 D = Time resting spent in this place.
 E = Time spent auto-exploring this place.
 F = Levels seen in this place.
 G = Mean time per level.
                   A        B        C        D        E       F      G
               +--------+--------+--------+--------+--------+-----+--------+
         Total |   3302 |   3265 |     37 |   1013 |   1853 |   3 | 1100.7 |
       Dungeon |   3302 |   3265 |     37 |   1013 |   1853 |   3 | 1100.7 |
               +--------+--------+--------+--------+--------+-----+--------+

Top non-repeatable levels by time:
     D:3: 1351 daAuts
     D:1: 1299 daAuts
     D:2: 651 daAuts
